 Dungeon Crawl Stone Soup version 0.30.1-11-g7821555f0a (webtiles) character file.

Game seed: 12819486093365937123

6869 anacleto the Grappler (level 10, -2/87 (102) HPs)
             Began as a Troll Gladiator on Dec 11, 2023.
             Was a Priest of Qazlal.
             Slain by a wight
             ... wielding a +0 dire flail
              (6 damage)
             ... on level 9 of the Dungeon.
             The game lasted 00:24:45 (8543 turns).

anacleto the Grappler (Troll Gladiator)             Turns: 8543, Time: 00:24:45

HP:   -2/87 (102)   AC:  4    Str: 28    XL:     10   Next: 78%
MP:   9/9           EV: 10    Int:  4    God:    Qazlal [***...]
Gold: 478           SH:  4    Dex: 11    Spells: 9/9 levels left

rFire   . .          .
                       - Unarmed
rCold   . . .        (no shield)
rNeg    . . .        a - +0 robe
rPois   .            b - +0 hat
rElec   .            (no cloak)
rCorr   .            (gloves unavailable)
SInv    .            (boots unavailable)
Will    .....        (no amulet)
Stlth   +            (no ring)
HPRegen 1.14/turn    (no ring)
MPRegen 0.11/turn

%: no passive effects
@: heavily drained
A: large, unfitting armour, claws 3, regeneration 1, shaggy fur 1, tough skin 1
a: Renounce Religion, Upheaval, Elemental Force


You were on level 9 of the Dungeon.
You worshipped Qazlal.
Qazlal was most pleased with you.
You visited 2 branches of the dungeon, and saw 10 of its levels.
You also visited: Sewer and Ossuary.

You collected 478 gold pieces.

Inventory:

Missiles
 n - 16 poisoned darts
 y - 2 boomerangs (quivered)
 F - a throwing net
Armour
 a - a +0 robe (worn)
 b - a +0 hat (worn)
Jewellery
 k - a ring of magical power
 u - a +4 ring of protection
 G - a ring of protection from cold
Wands
 c - a wand of flame (10)
 i - a wand of charming (6)
 t - a wand of polymorph (5)
 w - a wand of digging (3)
 D - a wand of iceblast (6)
Scrolls
 f - 6 scrolls of poison
 g - a scroll of fog
 h - a scroll of enchant armour
 j - a scroll of magic mapping
 l - a scroll of enchant weapon {unknown}
 m - 3 scrolls of amnesia
 o - 3 scrolls of blinking
 p - 3 scrolls of immolation
 q - a scroll of butterflies {unknown}
 H - a scroll of brand weapon {unknown}
 I - a scroll of vulnerability {unknown}
Potions
 e - 3 potions of flight {unknown}
 s - a potion of cancellation
 x - a potion of curing
 z - 4 potions of brilliance
 A - 2 potions of attraction
 B - a potion of lignification {unknown}
 C - 4 potions of ambrosia {unknown}
 E - a potion of haste {unknown}


   Skills:
 + Level 7.5 Fighting
 + Level 6.6 Throwing
 - Level 2.4 Dodging
 * Level 12.6 Unarmed Combat


You had 9 spell levels left.
You didn't know any spells.
Your spell library contained the following spells:

 Spells                   Type           Power      Damage    Failure   Level
 Freeze                   Ice            0%         1d3       50%         1
 Sandblast                Erth           0%         2d4       50%         1
 Ensorcelled Hibernation  Hex/Ice        0%         N/A       65%         2
 Passwall                 Tmut/Erth      0%         N/A       65%         2
 Dazzling Flash           Conj/Hex       0%         N/A       86%         3
 Frozen Ramparts          Ice            0%         1d1       86%         3
 Hailstorm                Conj/Ice       0%         3d3       86%         3
 Ignite Poison            Fire/Tmut/Pois 0%         N/A       86%         3
 Inner Flame              Hex/Fire       0%         N/A       86%         3
 Portal Projectile        Hex/Tloc       0%         N/A       86%         3
 Stone Arrow              Conj/Erth      0%         3d7       86%         3
 Swiftness                Air            0%         N/A       86%         3
 Tukima's Dance           Hex            0%         N/A       86%         3
 Volatile Blastmotes      Fire/Tloc      0%         2d10      86%         3
 Flame Wave               Conj/Fire      0%         2d4       99%         4
 Ice Form                 Ice/Tmut       0%         N/A       99%         4
 Iskenderun's Mystic Bla  Conj/Tloc      0%         2d3       99%         4
 Sticky Flame             Conj/Fire      0%         2d3       99%         4
 Blade Hands              Tmut           0%         N/A       100%        5
 Summon Forest            Summ/Tloc      0%         N/A       100%        5
 Summon Mana Viper        Hex/Summ       0%         N/A       100%        5
 Simulacrum               Ice/Necr       0%         N/A       100%        6
 Starburst                Conj/Fire      0%         6d3       100%        6
 Summon Cactus Giant      Summ           0%         N/A       100%        6
 Ignition                 Fire           0%         3d3       100%        8


Dungeon Overview and Level Annotations

Branches:
Dungeon (9/15)             Temple (1/1) D:4            Lair (0/5) D:9
  Sewer (visited)         Ossuary (visited)
    Orc: D:9-12

Altars:
Ashenzari
Cheibriados
Dithmenos
Elyvilon
Fedhas
Gozag
Hepliaklqana
Kikubaaqudgha
Makhleb
Nemelex Xobeh
Okawaru
Qazlal
Ru
Sif Muna
Trog
Uskayaw
Vehumet
Wu Jian
Xom
Yredelemnul
Zin

Shops:
D:4 *


Innate Abilities, Weirdness & Mutations

You are too large for most types of armour.
You have claws for hands.
Your natural rate of healing is unusually fast.
You are covered in fur. (AC +1)
You have tough skin. (AC +1)


Message History

You destroy the wight!
Qazlal accepts your kill.
The wight hits you with a +1 dire flail!
You feel drained.
You barely miss the wight. The wight attacks as you move away!
The wight hits you with a +1 dire flail.
You feel drained.
You see here a killer bee corpse.
You closely miss the wight. You claw the wight!
The wight is almost destroyed.
The wight is engulfed in freezing vapours.
The wight hits you with a +1 dire flail.
You feel drained.
You scratch the wight.
You destroy the wight!
Qazlal accepts your kill.
You closely miss the wight.
The wight is engulfed in freezing vapours.
The wight hits you with a +0 dire flail.
You feel drained.
You scratch the wight but do no damage. Your claw misses the wight.
The wight is lightly damaged.
You closely miss the wight.
The wight is lightly damaged.
The wight barely misses you.
You barely miss the wight.
The wight is lightly damaged.
The wight closely misses you. The wight completely misses you.
The wight hits you from afar with a +2 halberd.
You barely miss the wight.
The wight is lightly damaged.
The wight hits you from afar with a +2 halberd!
* * * LOW HITPOINT WARNING * * *
The wight hits you with a +3 dire flail!
* * * LOW HITPOINT WARNING * * *
You feel drained.
* * * LOW HITPOINT WARNING * * *
The wight hits you with a +0 dire flail.
You die...

# ##.#...## #
##.#.....# ##
##.#..#..### .#
##.#..#.##..#
#####.....)##...##
..##....#.#####..#
.)#))....## #...##
#..#..#.## ###°.#
.....#.## #.@.##
##..#.## ##zz.#
..#.## #.z###
##..## ###..# .
+.## +.).# ... ###
#######(##.....
...............
...............
............###


You could see 3 wights.

Vanquished Creatures
  A two-headed ogre (D:9)
  An elephant (D:8)
  Sigmund (D:3)
  A wyvern (D:8)
  A wraith (Ossuary)
  6 yaks (D:8)
  A steam dragon (D:8)
  A basilisk (D:8)
  A water moccasin (D:8)
  3 black bears
  3 sky beasts
  An orc warrior (D:5)
  2 ice beasts
  2 centaurs (D:6)
  3 ogres
  2 phantoms
  An elf zombie (D:7)
  2 kobold brigands
  6 bullfrogs
  An elf skeleton (D:7)
  3 scorpions
  2 water moccasin zombies (Ossuary)
  12 wights
  3 killer bees
  4 howler monkeys
  2 orc priests
  6 centaur zombies (Ossuary)
  A jelly (D:7)
  Ijyb (D:3)
  2 gnoll boudas (D:5)
  A human skeleton (D:7)
  2 scorpion zombies (Ossuary)
  4 iguanas
  4 orc wizards
  A sleepcap (D:5)
  2 ogre zombies (Ossuary)
  7 gnolls
  9 adders
  3 white imps
  4 ufetubi
  2 adder zombies (Ossuary)
  3 worms
  A dart slug (D:3)
  19 orcs
  16 ball pythons
  14 endoplasms
  17 giant cockroaches
  3 gnoll zombies (Ossuary)
  8 hobgoblins
  11 jackals
  18 kobolds
  11 quokkas
  4 bats
  8 frilled lizards
  2 goblins
  4 goblin zombies (Ossuary)
  3 hobgoblin zombies (Ossuary)
  An orc skeleton (D:7)
  6 orc zombies
  A spectral orc (D:4)
265 creatures vanquished.

Notes
Turn   | Place    | Note
-------+----------+-------------------------------------------
     0 | D:1      | anacleto the Troll Gladiator began the quest for the Orb.
     0 | D:1      | Reached XP level 1. HP: 19/19 MP: 0/0
    92 | D:1      | Reached XP level 2. HP: 26/28 MP: 1/1
   419 | D:1      | Found a faded altar of an unknown god.
   917 | D:2      | Reached XP level 3. HP: 31/35 MP: 2/2
  1585 | D:3      | Reached skill level 4 in Unarmed Combat
  1628 | D:3      | Noticed Ijyb
  1648 | D:3      | Killed Ijyb
  1685 | D:3      | Reached XP level 4. HP: 42/44 MP: 3/3
  1812 | D:3      | Noticed Sigmund
  1836 | D:3      | Killed Sigmund
  1837 | D:3      | Reached skill level 5 in Unarmed Combat
  1837 | D:3      | Reached XP level 5. HP: 33/53 MP: 4/4
  1879 | D:3      | Found a hide-covered altar of Uskayaw.
  2461 | D:4      | Reached XP level 6. HP: 61/61 MP: 5/5
  2493 | D:4      | Reached skill level 6 in Unarmed Combat
  2571 | D:4      | Found a staircase to the Ecumenical Temple.
  2636 | D:4      | Found Amaet's Elemental Accessories.
  2652 | D:4      | Found a basalt altar of Yredelemnul.
  2923 | D:4      | Found a glowing drain.
  2932 | Sewer    | Entered a sewer
  3197 | Sewer    | Reached XP level 7. HP: 53/68 MP: 6/6
  3220 | Sewer    | Reached skill level 7 in Unarmed Combat
  3626 | D:5      | Entered Level 5 of the Dungeon
  4057 | Temple   | Entered the Ecumenical Temple
  4127 | Temple   | Became a worshipper of Qazlal Stormbringer
  4357 | D:4      | Reached skill level 8 in Unarmed Combat
  4437 | D:5      | Reached XP level 8. HP: 74/79 MP: 7/7
  4759 | D:6      | Found a radiant altar of Vehumet.
  4768 | D:6      | Reached skill level 5 in Fighting
  4783 | D:6      | Reached skill level 9 in Unarmed Combat
  4917 | D:6      | Found an ancient bone altar of Kikubaaqudgha.
  5282 | D:6      | Reached * piety under Qazlal
  5657 | D:7      | Found a sand-covered staircase.
  5662 | Ossuary  | Entered an ossuary
  5855 | Ossuary  | Reached XP level 9. HP: 87/88 MP: 8/8
  5951 | Ossuary  | Reached skill level 10 in Unarmed Combat
  5967 | Ossuary  | Noticed a silent spectre
  6141 | D:7      | Reached ** piety under Qazlal
  6487 | D:7      | Reached skill level 5 in Throwing
  6555 | D:7      | Paralysed by a hornet for 3 turns
  6828 | D:8      | Reached skill level 11 in Unarmed Combat
  7037 | D:8      | Reached XP level 10. HP: 81/100 MP: 9/9
  7294 | D:8      | Found a blossoming altar of Fedhas.
  7294 | D:8      | Found a shimmering altar of Xom.
  7657 | D:9      | Noticed an elephant
  7657 | D:9      | Found a staircase to the Lair.
  7707 | D:8      | Reached *** piety under Qazlal
  7987 | D:8      | Reached skill level 12 in Unarmed Combat
  8080 | D:8      | Killed an elephant
  8470 | D:9      | Noticed a two-headed ogre
  8494 | D:9      | Killed a two-headed ogre
  8543 | D:9      | HP: 4/87 [wight/+3 dire flail (4)]
  8543 | D:9      | Slain by a wight

Illustrated notes

Levels and vault maps discovered:
D:1:      co_arrival_random_square_maze, layout_loops_ring, serial_glass,
          glass_columns_b, glass_columns_a, glass_columns_a, glass_columns_b,
          glass_columns_a, minmay_strange_pillars,
          chequers_ecumenical_altar_simple_redux
D:2:      layout_loops_corners, grunt_decor_cap, kennysheep_cross_room
D:3:      layout_basic, lemuel_tele_altar, uniq_sigmund, uniq_ijyb
D:4:      layout_loops_ring, yredelemnul_forgotten_temple_becter,
          minmay_temple_entry_from_below_a, portal_sewer_entry_f,
          roderic_roman_lattice, nicolae_elemental_shop, kennysheep_small_square
D:5:      layout_rooms, nicolae_sextant, guppyfry_early_orc_mine
D:6:      layout_loops_ring, mainiacjoe_overflow_tiny_flanked,
          vehumet_altar_wand_db
D:7:      layout_loops_ring, nicolae_ossuary_entry_catacombs, grunt_ogre_cave,
          minivault_23
D:8:      layout_basic, chequers_temple_overflow_statue_of_worship
D:9:      minmay_razor_zed, layout_irregular_city, david_lair_generic,
          serial_shops, nicolae_shop_tiny_glass, minivault_25_ag
Temple:   regret_index_temple_waves

Skill      XL: |  1  2  3  4  5  6  7  8  9 10 |
---------------+-------------------------------+-----
Fighting       | 2 3 4 5 6 7 |  7.5
Unarmed Combat | 4 5 6 8 9 11 12 | 12.6
Throwing       | 2 3 5 6 |  6.6
Dodging        | |  2.4

Action                     |  1- 3 |  4- 6 |  7- 9 | 10-12 || total
---------------------------+-------+-------+-------+-------++-------
  Melee: Unarmed           |    85 |   164 |   350 |    95 ||   694
         Punch             |     2 |     4 |    20 |     5 ||    31
  Throw: Dart              |     1 |     2 |     7 |     4 ||    14
         Large rock        |       |     1 |     1 |     1 ||     3
         Throwing net      |       |       |     4 |     1 ||     5
         Boomerang         |       |       |    13 |     5 ||    18
  Evoke: Wand              |       |       |     8 |       ||     8
    Use: Potion            |     1 |       |     2 |       ||     3
         Scroll            |       |       |    14 |     5 ||    19
 Armour: Robe              |    34 |    54 |   112 |    10 ||   210
  Dodge: Dodged            |    44 |   103 |   147 |    54 ||   348
  Block: Other             |       |       |    25 |    23 ||    48
